 Dungeon Crawl Stone Soup version 0.19-a0-854-gc78d25d (webtiles) character file.

1148 Implojin the Grappler (level 8, 40/74 HPs)
             Began as a Troll Fighter on July 1, 2016.
             Quit the game on level 6 of the Dungeon.
             The game lasted 00:07:44 (1612 turns).

Implojin the Grappler (Troll Fighter)               Turns: 1612, Time: 00:07:44

Health: 40/74      AC:  5    Str: 25    XL:     8   Next: 15%
Magic:  7/7        EV:  8    Int:  4    God:
Gold:   0          SH:  9    Dex: 11    Spells: 0 memorised, 7 levels left

rFire  . . .     SeeInvis .       - Unarmed
rCold  . . .     Gourm    +     a - +0 robe
rNeg   . . .     Faith    .     b - +0 shield
rPois  .         Spirit   .     (helmet restricted)
rElec  .         Dismiss  .     (no cloak)
rCorr  .         Reflect  .     (gloves unavailable)
SustAt .         Harm     .     (boots unavailable)
MR     .....                    (no amulet)
Stlth  +.........               (no ring)
                                (no ring)

@: starving, not resistant to hostile enchantments, very unstealthy
A: unfitting armour, claws 3, fast metabolism 3, gourmand, regeneration 2,
shaggy fur 1, tough skin 2
a: no special abilities


You were on level 6 of the Dungeon.
You were starving.

You visited 1 branch of the dungeon, and saw 10 of its levels.

Inventory:

Missiles
 r - 8 javelins (quivered)
Armour
 a - a +0 robe (worn)
 b - a +0 shield (worn)
Wands
 o - a wand of heal wounds (3/9)
Scrolls
 e - a scroll of fear {unknown}
 i - a scroll of amnesia {unknown}
 k - a scroll of recharging {unknown}
 l - a scroll of noise {unknown}
 n - a scroll of fog {unknown}
 s - a scroll of remove curse {unknown}
Potions
 c - 2 potions of might
 g - a potion of degeneration
 m - a potion of brilliance {unknown}
 p - a potion of flight {unknown}
 q - a potion of agility {unknown}
 t - a potion of invisibility {unknown}
 u - a potion of mutation {unknown}
 v - a potion of curing {unknown}
Comestibles
 d - 3 bread rations
 f - 3 meat rations
 h - a royal jelly


   Skills:
 - Level 2.4 Fighting
 - Level 2.4 Dodging
 - Level 2.4 Shields
 * Level 9.9 Unarmed Combat


You had 7 spell levels left.
You didn't know any spells.

Dungeon Overview and Level Annotations

Branches:
Dungeon (10/15)
 Temple: D:4-7         Lair: D:8-11         Orc: D:9-12

Altars:
Gozag


Innate Abilities, Weirdness & Mutations

You are too large for most types of armour.
You have claws for hands.
Your metabolism is lightning-fast.
You like to eat raw meat.
You heal very quickly.
You are covered in fur. (AC +1)
You have very tough skin. (AC +2)


Message History

The giant frog zombie hits you but does no damage.
The orc hits you with a short sword.
* * * LOW HITPOINT WARNING * * *
You scratch the giant frog zombie.
The giant frog zombie hits you but does no damage.
You block the orc's attack.
You block the giant frog zombie's attack.
Unknown command.
You claw the giant frog zombie!
You destroy the giant frog zombie!
The orc hits you with a short sword.
* * * LOW HITPOINT WARNING * * *
You scratch the orc.
The orc is heavily wounded.
You are near starving!
You block the orc's attack.
You mangle the orc!!
You kill the orc!
You claw the wyvern zombie! You block the wyvern zombie's attack.
You mangle the wyvern zombie!! The wyvern zombie bites you!
* * * LOW HITPOINT WARNING * * *
You completely miss the wyvern zombie. The wyvern zombie bites you!
* * * LOW HITPOINT WARNING * * *
You claw the wyvern zombie!
You destroy the wyvern zombie!
The giant frog skeleton hits you.
* * * LOW HITPOINT WARNING * * *
You scratch the giant frog skeleton. The giant frog skeleton hits you.
* * * LOW HITPOINT WARNING * * *
You mangle the giant frog skeleton!!
You block the giant frog skeleton's attack.
The giant frog skeleton hits you but does no damage.
You mangle the giant frog skeleton!!
You destroy the giant frog skeleton!
You see here a short sword.
Evoke which item? (* to show all) (? for menu, Esc to quit)
Okay, then.
You see here a club.
You are starving!
Are you sure you want to abandon this character and quit the game? (Confirm with "yes".)

.....### ###### ##..
.....# #.. ....## ###
##.. ....#
###.#########..# .....
#.........#....#
......
##............###
....... ##
#....##########
.####......######...##
. #####......@....#
####....#...## #
#...####..## Z ##..#
##..## ## .# #..##
##..## ###. ..######
####..# ##..#####...
.......###.....#
##...##....
..............##
##....)..#
#....#######.##
#......##


There were no monsters in sight!

Vanquished Creatures
  An orc warrior (D:7)
  A phantom (D:4)
  A necrophage (D:7)
  3 ogres
  A centaur (D:6)
  A giant frog (D:6)
  A wyvern zombie (D:6)
  2 scorpions (D:4)
  A crimson imp (D:6)
  A giant frog zombie (D:6)
  An orc priest (D:7)
  A giant frog skeleton (D:6)
  An iguana (D:5)
  3 worker ants
  A hound skeleton (D:5)
  A howler monkey zombie (D:5)
  4 adders
  An ooze (D:4)
  An adder skeleton (D:7)
  3 dart slugs
  A giant gecko (D:2)
  5 orcs
  4 giant cockroaches
  6 goblins
  2 hobgoblins
  2 jackals (D:4)
  2 kobolds
  3 quokkas
  A ball python (D:2)
  2 bats (D:2)
  A giant gecko skeleton (D:7)
  3 giant newts
  A rat (D:3)
63 creatures vanquished.

Notes
Turn   | Place    | Note
-------+----------+-------------------------------------------
     0 | D:1      | Implojin the Troll Fighter began the quest for the Orb.
     0 | D:1      | Reached XP level 1. HP: 22/22 MP: 0/0
    53 | D:1      | Reached XP level 2. HP: 15/29 MP: 1/1
    76 | D:2      | Reached skill level 3 in Unarmed Combat
   101 | D:2      | Found an opulent altar of Gozag.
   241 | D:3      | Reached XP level 3. HP: 34/36 MP: 2/2
   261 | D:4      | Reached skill level 4 in Unarmed Combat
   275 | D:4      | Noticed an ogre
   279 | D:4      | Reached XP level 4. HP: 42/44 MP: 3/3
   289 | D:4      | Killed an ogre
   289 | D:4      | Reached skill level 5 in Unarmed Combat
   289 | D:4      | Reached XP level 5. HP: 9/50 MP: 4/4
   358 | D:4      | Noticed an ogre
   364 | D:4      | Killed an ogre
   364 | D:4      | Reached skill level 6 in Unarmed Combat
   383 | D:4      | Noticed a phantom
   428 | D:4      | Killed a phantom
   428 | D:4      | Reached XP level 6. HP: 31/59 MP: 5/5
   446 | D:5      | Entered Level 5 of the Dungeon
   548 | D:6      | Reached skill level 7 in Unarmed Combat
   600 | D:7      | You fall through a shaft for 3 floors!
   600 | D:10     | Entered Level 10 of the Dungeon
   617 | D:9      | Reached XP level 7. HP: 66/66 MP: 6/6
   979 | D:7      | Reached skill level 8 in Unarmed Combat
  1051 | D:6      | Reached skill level 9 in Unarmed Combat
  1345 | D:5      | Reached XP level 8. HP: 54/74 MP: 7/7
  1612 | D:6      | Quit the game

Vault maps used:
D:1:      evilmike_arrival_hilbert_curve
D:2:      grunt_gozag_breadcrumbs
D:5:      first_bread
D:7:      kennysheep_mini
D:8:      uniq_prince_ribbit1
D:9:      minmay_imperfect_grid, lair_0_dummy, serial_shops, shop_statue,
          grunt_pizzeria
D:10:     serial_shops, nicolae_shop_competitors_out_of_business, uniq_josephine

Skill      XL: |  1  2  3  4  5  6  7 |
---------------+----------------------+-----
Unarmed Combat | 3 4 5 6 7 9 |  9.9
Fighting       | |  2.4
Dodging        | |  2.4
Shields        | |  2.4

Action                   |  1- 3 |  4- 6 |  7- 9 || total
-------------------------+-------+-------+-------++-------
Melee: Unarmed           |    55 |    65 |    80 ||   200
  Use: Scroll            |       |       |     3 ||     3
 Stab: Sleeping          |     1 |       |       ||     1
  Eat: Chunk             |     3 |     7 |       ||    10
Armor: Robe              |    19 |     9 |    40 ||    68
Dodge: Dodged            |    20 |     8 |    26 ||    54
Block: Shield            |    16 |    30 |    55 ||   101

Table legend:
 A = Turns spent in this place as a percentage of turns spent in the entire game.
 B = Non-inter-level travel turns spent in this place as a percentage of non-inter-level travel turns spent in the entire game.
 C = Inter-level travel turns spent in this place as a percentage of turns spent in this place.
 D = Turns resting spent in this place as a percentage of non-inter-level travel turns spent in this place.
 E = Turns spent auto-exploring this place as a percentage of non-inter-level travel turns spent in this place.
 F = Non-inter-level travel turns spent in this place divided by the number of levels of this place that you've seen.
                   A       B       C       D       E      F
               +-------+-------+-------+-------+-------+----------------------
         Total | 100.0 | 100.0 |   0.0 |   0.0 |   0.0 | 163.6
       Dungeon | 100.0 | 100.0 |   0.0 |   0.0 |   0.0 | 163.6
               +-------+-------+-------+-------+-------+----------------------

Table legend:
 A = Kills in this place as a percentage of kills in entire the game.
 B = Kills by you in this place as a percentage of kills by you in the entire game.
 C = Kills by friends in this place as a percentage of kills by friends in the entire game.
 D = Other kills in this place as a percentage of other kills in the entire game.
 E = Experience gained in this place as a percentage of experience gained in the entire game.
 F = Experience gained in this place divided by the number of levels of this place that you have seen.
                   A       B       C       D       E      F
               +-------+-------+-------+-------+-------+----------------------
         Total | 100.0 | 100.0 |  -nan |  -nan | 100.0 | 164.0
       Dungeon | 100.0 | 100.0 |  -nan |  -nan | 100.0 | 164.0
               +-------+-------+-------+-------+-------+----------------------
